 Dungeon Crawl Stone Soup version 0.26.0-20-g3ca415f5b8 (webtiles) character file.

Game seed: 478981855209503757

3961 kaeus the Skirmisher (level 10, -9/132 HPs)
             Began as a Minotaur Abyssal Knight on Jan 26, 2021.
             Was a High Priest of Lugonu.
             Mangled by a yak (10 damage)
             ... on level 8 of the Dungeon.
             The game lasted 00:07:50 (8998 turns).

kaeus the Skirmisher (Minotaur Abyssal Knight)      Turns: 8998, Time: 00:07:50

Health: -9/132     AC: 25    Str: 19 (20) XL:     10   Next: 2%
Magic:  13/13      EV:  2    Int:  8 (9)  God:    Lugonu [*****.]
Gold:   233        SH:  5    Dex: 11 (14) Spells: 9/9 levels left

rFire    . . .     SeeInvis .   n - +9 spear of Law {holy, Dex+4}
rCold    + . .     Faith    +   r - +0 buckler
rNeg     + + +     Spirit   .   (armour currently unavailable)
rPois    +         Reflect  .   (helmet currently unavailable)
rElec    .         Harm     .   (cloak currently unavailable)
rCorr    .         Rampage  .   (gloves currently unavailable)
Will     .....     NoTele   +   (boots currently unavailable)
Stlth    +.........             h - amulet of faith
HPRegen  0.32/turn              c - ring of protection from cold
MPRegen  0.13/turn              D - ring of poison resistance

@: tree-form
A: (retaliatory headbutt)
a: Renounce Religion, Depart the Abyss, Bend Space, Banish, Corrupt, Enter the
Abyss


You were on level 8 of the Dungeon.
You worshipped Lugonu.
Lugonu was extremely pleased with you.
You were a tree.
You visited 1 branch of the dungeon, and saw 8 of its levels.
You visited the Abyss 1 time.

You collected 433 gold pieces.
You spent 200 gold pieces at shops.

Inventory:

Hand Weapons
 m - a +0 hand axe of draining
 n - the +9 spear of Law (weapon) {holy, Dex+4}
   (You bought it in a shop on level 5 of the Dungeon)

   It has been blessed by the Shining One to cause great damage to the undead
   and demons.
   It affects your dexterity (+4).
Armour
 b - a +0 leather armour (melded)
 e - a +2 pair of boots (melded)
 r - a +0 buckler (worn)
Jewellery
 c - a ring of protection from cold (left branch)
 d - an uncursed ring of resist corrosion
 h - an amulet of faith (around neck)
 i - an uncursed ring of ice
 z - an uncursed ring of protection from cold
 D - a ring of poison resistance (right branch)
Wands
 p - a wand of digging (8)
 t - a wand of paralysis (4)
 x - a wand of disintegration (17)
 y - a wand of random effects (38)
 B - a wand of enslavement (10)
Scrolls
 a - 6 scrolls of remove curse {unknown}
 f - 3 scrolls of teleportation {unknown}
 j - 5 scrolls of identify {unknown}
 k - 2 scrolls of enchant armour {unknown}
 o - 3 scrolls of magic mapping {unknown}
 q - a scroll of random uselessness {unknown}
 s - 2 scrolls of fog {unknown}
 w - a scroll of immolation {unknown}
 A - a scroll of fear {unknown}
Potions
 g - a potion of lignification
 l - 4 potions of flight
 u - a potion of brilliance
 v - a potion of haste
 C - a potion of might


   Skills:
 + Level 7.8 Fighting
 + Level 7.2(8.1) Axes
 + Level 5.7(7.4) Polearms
 + Level 7.2 Armour
 + Level 6.1 Dodging
 + Level 5.5 Shields
 + Level 5.8 Invocations


You had 9 spell levels left.
You didn't know any spells.
Your spell library was empty.

Dungeon Overview and Level Annotations

Branches:
Dungeon (8/15)             Temple (0/1) D:5
   Lair: D:8-11

Altars:
Cheibriados
Kikubaaqudgha
Makhleb
Okawaru
Qazlal
The Shining One

Shops:
D:5 (


Innate Abilities, Weirdness & Mutations

((You reflexively headbutt those who attack you in melee.))
((You have a pair of horns on your head.))


Message History

You hit the yak.
The yak is heavily wounded.
You block the yak's attack.
You hit the yak but do no damage.
The yak is heavily wounded.
The yak barely misses you.
You hit the yak but do no damage.
The yak is heavily wounded.
The yak gores you!
* * * LOW HITPOINT WARNING * * *
You take 9 damage, and have 1/132 hp.
You puncture the yak!
The yak is severely wounded.
You barely miss the yak.
The yak is severely wounded.
The yak gores you but does no damage.
You barely miss the yak.
The yak is severely wounded.
The yak gores you!
You die...

######.###.##.###.........#
#.# #....# #.........#
#####.###)...# #.........#
#............###.........#
#.###.##............)....#
#.................<)...#
#.#.#..............†...#
#.#..........##........#
#.###.##♣###.###########
.#.###.##Y# #
#.........S###...
#####..)).........
+.............
#.............
#####...##.### #...# .#
...... #


You could see a yak and a water moccasin.

Vanquished Creatures
  Joseph (D:7)
  Sigmund (D:3)
  3 wyverns (D:8)
  3 yaks (D:8)
  Eustachio (D:5)
  Menkaure (D:6)
  A water moccasin (D:8)
  An orc warrior (D:7)
  An ogre (D:4)
  A phantom (D:4)
  2 ice beasts
  A centaur (D:6)
  2 bullfrogs
  A wyvern zombie (D:7)
  A scorpion (D:4)
  6 killer bees
  5 wights (D:6)
  A centaur zombie (D:6)
  3 hounds
  A quasit (D:5)
  4 orc priests
  Crazy Yiuf (D:7)
  5 orc wizards
  An iguana (D:4)
  Ijyb (D:3)
  Natasha (thrice) (D:3)
  3 worker ants
  Terence (D:2)
  3 gnolls (D:4)
  A howler monkey skeleton (D:4)
  10 adders
  3 shadow imps
  A white imp (D:5)
  An ufetubus (D:6)
  An ooze (D:4)
  A worm (D:4)
  2 dart slugs (D:1)
  7 leopard geckos
  24 orcs
  7 giant cockroaches
  11 goblins
  6 hobgoblins
  11 jackals
  9 kobolds
  3 ball pythons
  11 bats
  8 frilled lizards
  7 rats
183 creatures vanquished.

Vanquished Creatures (others)
  A fungus (D:8)
  24 plants
25 creatures vanquished.

Grand Total: 208 creatures vanquished

Notes
Turn   | Place    | Note
-------+----------+-------------------------------------------
     0 | Abyss:1  | kaeus the Minotaur Abyssal Knight began the quest for the
                  | Orb.
     0 | Abyss:1  | Reached XP level 1. HP: 19/19 MP: 1/1
    46 | Abyss:1  | Noticed a smoke demon
    54 | D:1      | Escaped the Abyss
   109 | D:1      | Reached * piety under Lugonu
   219 | D:1      | Reached XP level 2. HP: 27/27 MP: 2/2
   673 | D:1      | Reached XP level 3. HP: 28/33 MP: 3/3
  1274 | D:2      | You fall into a shaft and drop 2 floors!
  1282 | D:4      | Found a burning altar of Makhleb.
  1295 | D:4      | Reached ** piety under Lugonu
  1399 | D:3      | Reached XP level 4. HP: 40/40 MP: 4/4
  1408 | D:3      | Noticed Natasha
  1421 | D:3      | Killed Natasha
  1670 | D:2      | Noticed Terence
  1680 | D:2      | Killed Terence
  1681 | D:2      | Reached XP level 5. HP: 41/47 MP: 6/6
  1829 | D:2      | Reached *** piety under Lugonu
  2099 | D:3      | Noticed Natasha
  2106 | D:3      | Killed Natasha
  2194 | D:3      | Noticed Natasha
  2215 | D:3      | Killed Natasha
  2217 | D:3      | Reached XP level 6. HP: 4/55 MP: 7/7
  2521 | D:3      | You fall into a shaft and drop 2 floors!
  2521 | D:5      | Entered Level 5 of the Dungeon
  2568 | D:5      | Reached skill level 5 in Fighting
  2781 | D:5      | Found a staircase to the Ecumenical Temple.
  2788 | D:5      | Found Zyite's Antique Weapon Shop.
  2798 | D:5      | Bought an ichor-stained spear for 200 gold pieces
  2798 | D:5      | Identified the +9 spear of Law {holy, Dex+4} (You bought it
                  | in a shop on level 5 of the Dungeon)
  2817 | D:5      | Noticed Eustachio
  2826 | D:5      | Killed Eustachio
  2827 | D:5      | Reached skill level 1 in Polearms
  2863 | D:5      | Found an ancient bone altar of Kikubaaqudgha.
  3468 | D:4      | Reached XP level 7. HP: 46/61 MP: 8/8
  3661 | D:4      | Reached skill level 1 in Shields
  4377 | D:4      | Reached **** piety under Lugonu
  4675 | D:3      | Noticed Ijyb
  4682 | D:3      | Killed Ijyb
  4912 | D:3      | Reached skill level 5 in Axes
  4912 | D:3      | Reached skill level 5 in Armour
  4983 | D:3      | Noticed Sigmund
  4991 | D:3      | Killed Sigmund
  4992 | D:3      | Reached XP level 8. HP: 61/70 MP: 8/10
  5131 | D:3      | Found a snail-covered altar of Cheibriados.
  5140 | D:3      | Found an iron altar of Okawaru.
  5951 | D:6      | Noticed Menkaure
  5956 | D:6      | Killed Menkaure
  6492 | D:6      | Found a stormy altar of Qazlal.
  6767 | D:7      | Found a glowing golden altar of the Shining One.
  6845 | D:7      | Reached skill level 5 in Dodging
  7024 | D:7      | Noticed Joseph
  7027 | D:7      | Reached XP level 9. HP: 78/78 MP: 11/11
  7036 | D:7      | Killed Joseph
  7037 | D:7      | Reached skill level 5 in Invocations
  7048 | D:7      | Reached ***** piety under Lugonu
  7449 | D:6      | HP: 2/79 [killer bee (7)]
  8201 | D:7      | Found a runed translucent door.
  8202 | D:7      | Noticed Crazy Yiuf
  8417 | D:7      | Killed Crazy Yiuf
  8549 | D:7      | Reached skill level 5 in Polearms
  8949 | D:8      | Reached skill level 5 in Shields
  8990 | D:8      | Reached XP level 10. HP: 15/88 MP: 13/13
  8995 | D:8      | HP: 1/132 [yak (10)]
  8998 | D:8      | Mangled by a yak

Illustrated notes

Levels and vault maps discovered:
D:1:      dpeg_arrival_tiny_a, layout_basic
D:2:      layout_rooms, nrook_mini_vaults, uniq_terence
D:3:      layout_loops_ring, minitemple, uniq_ijyb, uniq_sigmund, uniq_natasha
D:4:      layout_basic, nicolae_overflow_crystal_walls, minmay_pentangle
D:5:      layout_loops_corners, kiku_gazebo_garden_becter, temple_green,
          serial_shops, shop, minmay_misc_feat_cross,
          hangedman_abyss_or_decor_lesser_grid, uniq_eustachio
D:6:      layout_rooms, serial_glass, glass_columns_c, glass_columns_a,
          nicolae_qazlal_eye_of_the_storm, uniq_menkaure
D:7:      corexii_shack_village, layout_loops_corners,
          nicolae_tso_carved_into_rock, uniq_crazy_yiuf_cottage, uniq_joseph
D:8:      layout_basic, minmay_lair_entry_grove, biasface_ghost_orc_armoury

Skill      XL: |  1  2  3  4  5  6  7  8  9 |
---------------+----------------------------+-----
Invocations    | 2 3 4 5 |  5.8
Fighting       | 4 5 6 7 |  7.8
Armour         | 3 4 5 6 7 |  7.2
Axes           | 3 4 5 6 7 |  7.2
Dodging        | 2 3 4 5 6 |  6.1
Polearms       | 1 2 4 5 |  5.7
Shields        | 2 4 5 |  5.5

Action                   |  1- 3 |  4- 6 |  7- 9 | 10-12 || total
-------------------------+-------+-------+-------+-------++-------
Melee: Hand axe          |    79 |    93 |       |       ||   172
       Headbutt          |    12 |    22 |    33 |       ||    67
       Spear             |       |    23 |   288 |     9 ||   320
Invok: Depart the Abyss  |     1 |       |       |       ||     1
  Use: Potion            |       |     4 |     7 |       ||    11
 Stab: Sleeping          |       |       |     4 |       ||     4
Armor: Leather armour    |    42 |    41 |    37 |       ||   120
       Skin              |       |       |    10 |     1 ||    11
Dodge: Dodged            |    61 |    91 |   121 |     2 ||   275
Block: Buckler           |       |     3 |    44 |     1 ||    48
